Map: [ESL] Crimson Court

Players

Reynor - Winner!

  • Race: Zerg Zerg
  • Spawn Location: 7:00

Spirit

  • Race: Terran Terran
  • Spawn Location: 1:00

Event: ESL Spring 2024 Finals

VOD

Have the link to the VOD?

Description

Time

  • Played on: June 1, 2024, 4 p.m.
  • Length: 14:51

All games in this series

Show
View Real Time Build Order
Export as new Build Order

Reynor Zerg - Winner!

Build Orders: Hatch First 

Get SALT Encoding   

  12  0:00  Drone  
  13  0:12  Overlord  
  13  0:17  Drone  
  14  0:30  Drone x2  
  16  0:47  Hatchery  
  15  0:50  Drone  
  15  0:54  Drone  
  15  0:56  Drone  
  18  1:07  Extractor  
  17  1:12  Spawning Pool  
  17  1:15  Drone  
  17  1:19  Drone  
  18  1:27  Drone  
  19  1:38  Drone  
  20  1:48  Overlord  
  20  1:58  Queen x2  
  20  2:00  Zergling x4  
  26  2:10  Drone x2  
  28  2:20  Drone  
  28  2:21  Drone  
  30  2:28  Hatchery  
  29  2:31  Drone x2  
  31  2:41  Metabolic Boost  
  31  2:44  Queen  
  31  2:49  Overlord  
  33  2:52  Drone  
  33  2:53  Drone  
  33  2:55  Drone  
  36  3:06  Queen  
  36  3:08  Drone x3  
  36  3:12  Overlord  
  41  3:14  Drone  
  41  3:17  Drone  
  41  3:19  Zergling x2  
  44  3:27  Overlord  
  44  3:30  Queen  
  44  3:32  Drone  
  47  3:35  Drone  
  47  3:38  Drone x2  
  47  3:39  Drone  
  52  3:41  Drone x2  
  52  3:45  Queen  
  52  3:47  Drone  
  56  3:52  Queen  
  56  3:55  Unknown, Overlord  
  57  3:57  Drone  
  57  4:00  Drone x2  
  60  4:03  Zergling x2  
  60  4:04  Zergling x2  
  60  4:06  Drone  
  60  4:08  Drone  
  64  4:11  Queen  
  64  4:15  Overlord  
  64  4:16  Drone x2  
  68  4:18  Drone  
  68  4:19  Drone  
  68  4:23  Drone x3  
  73  4:31  Drone  
  74  4:32  Lair  
  74  4:33  Queen  
  74  4:34  Drone  
  74  4:35  Drone  
  78  4:42  Drone x2  
  78  4:43  Drone x2  
  82  4:47  Spore Crawler, Zergling x2  
  82  4:49  Overlord  
  82  4:55  Spore Crawler  
  82  4:56  Spore Crawler  
  82  4:57  Drone  
  81  5:01  Drone, Hatchery  
  81  5:02  Drone  
  81  5:04  Overlord  
  82  5:09  Drone x4, Overlord  
  82  5:10  Overlord  
  82  5:12  Drone  
  87  5:15  Drone  
  87  5:19  Drone, Overlord  
  89  5:22  Extractor  
  89  5:23  Baneling Nest, Extractor x2  
  89  5:26  Zergling x4  
  87  5:30  Spore Crawler, Drone x4  
  87  5:31  Overseer  
  90  5:36  Spire  
  90  5:37  Drone, Overseer  
  90  5:39  Zergling x2  
  90  5:41  Drone x3  
  93  5:43  Drone x2  
  93  5:47  Drone x3  
  95  5:51  Overlord, Spire  
  95  5:53  Drone  
  95  5:57  Zergling x6  
  95  5:58  Overlord  
  95  6:03  Drone  
  99  6:08  Centrifugal Hooks  
  99  6:09  Overlord  
  99  6:20  Drone x2  
  99  6:23  Zergling x10  
  104  6:31  Overlord  
  104  6:35  Zergling x12  
  110  6:45  Overlord  
  110  6:46  Zergling x8  
  114  6:54  Overlord  
  114  7:02  Mutalisk x11  
  114  7:05  Mutalisk  
  138  7:11  Zergling x2  
  138  7:13  Zergling x2  
  140  7:17  Evolution Chamber  
  140  7:18  Zergling x4, Evolution Chamber  
  140  7:19  Baneling x2  
  140  7:20  Overlord  
  140  7:23  Zergling x8  
  144  7:31  Zergling x16  
  144  7:34  Baneling x14  
  144  7:35  Zergling x2, Overlord  
  153  7:38  Zergling x2  
  150  7:45  Zergling x4  
  150  7:47  Zergling x2  
  150  7:50  Baneling x13  
  151  7:51  Zergling x4  
  151  7:56  Zergling x4  
  152  7:59  Zergling x2  
  152  8:02  Hatchery  
  152  8:05  Zergling x2  
  152  8:06  Zergling x12, Overlord  
  152  8:10  Zergling x2  
  160  8:14  Zergling x2  
  160  8:16  Zergling x2  
  160  8:17  Zergling x2  
  149  8:20  Zergling x2  
  149  8:26  Mutalisk x5  
  150  8:29  Zergling x2  
  150  8:33  Zergling x8  
  147  8:36  Zerg Melee Weapons Level 1, Zerg Ground Armor Level 1  
  134  8:43  Zergling x6  
  134  8:46  Drone x2  
  126  8:49  Drone, Queen  
  126  8:53  Mutalisk x2  
  126  8:54  Drone x3  
  135  8:56  Extractor  
  135  8:57  Zerg Flyer Weapons Level 1, Extractor  
  135  9:02  Baneling x5  
  133  9:04  Zergling x10  
  133  9:07  Drone  
  139  9:14  Drone x3  
  139  9:16  Baneling x9  
  142  9:19  Drone x4  
  142  9:20  Zergling x2  
  147  9:25  Infestation Pit  
  147  9:28  Zergling x10  
  151  9:36  Overlord  
  151  9:41  Mutalisk x3  
  151  9:45  Zergling x16  
  159  9:47  Drone x3  
  162  9:53  Mutalisk x2  
  162  9:56  Mutalisk  
  162  9:57  Drone  
  162  9:58  Drone x5  
  174  10:04  Mutalisk  
  174  10:05  Mutalisk  
  178  10:13  Mutalisk x2  
  178  10:15  Drone x4  
  186  10:21  Hive  
  186  10:28  Drone x2  
  186  10:29  Drone  
  186  10:30  Hatchery  
  186  10:31  Zergling x22  
  186  10:34  Zerg Ground Armor Level 2  
  199  10:36  Zerg Melee Weapons Level 2  
  199  10:41  Pneumatized Carapace  
  199  10:54  Zerg Flyer Weapons Level 2  
  199  11:05  Hatchery  
  196  11:19  Drone x2  
  196  11:20  Drone  
  196  11:21  Extractor x2  
  196  11:22  Zergling x4  
  199  11:29  Baneling x14  
  199  11:38  Spore Crawler  
  199  11:39  Spine Crawler  
  197  11:41  Adrenal Glands  
  197  11:43  Ultralisk Cavern  
  196  11:55  Zergling x2  
  196  11:56  Zergling x6  
  196  11:57  Hatchery  
  197  12:08  Hatchery  
  197  12:10  Zergling x8  
  196  12:25  Zergling x2  
  196  12:26  Zergling x6  
  192  12:31  Mutalisk x4  
  200  12:41  Chitinous Plating  
  200  12:45  Baneling x15  
  183  13:09  Hatchery  
  183  13:12  Zergling x70  
  193  13:14  Mutalisk x6  
  193  13:19  Mutalisk x2  
  184  13:20  Zergling x2  
  184  13:21  Zergling x32  
  193  13:27  Zergling x12  
  197  13:36  Zergling x8  
  199  13:43  Baneling  
  199  13:44  Baneling x20  
  199  13:54  Spore Crawler  
  198  13:57  Zergling x2  
  198  13:59  Baneling x13, Anabolic Synthesis  
  197  14:16  Zergling x26  
  173  14:25  Zergling x58  
Show
View Real Time Build Order
Export as new Build Order

Spirit Terran 

Build Orders: Reaper Expand, Hellion Banshee 

Get SALT Encoding   

  12  0:00  SCV  
  13  0:12  SCV  
  14  0:17  Supply Depot  
  14  0:24  SCV  
  15  0:38  SCV  
  15  0:39  Barracks  
  16  0:43  Refinery  
  16  0:50  SCV  
  17  1:02  SCV  
  18  1:15  SCV  
  19  1:27  Reaper  
  19  1:28  Orbital Command  
  20  1:39  Command Center  
  20  1:48  Supply Depot  
  20  1:54  SCV  
  20  1:59  Marine  
  22  2:06  SCV  
  23  2:13  Factory  
  23  2:18  SCV  
  23  2:20  Barracks Reactor  
  24  2:30  SCV  
  25  2:38  Command Center  
  25  2:43  SCV  
  26  2:50  Orbital Command  
  26  2:55  SCV  
  27  3:00  Starport  
  27  3:03  Refinery  
  27  3:07  SCV  
  27  3:12  Hellion  
  30  3:13  Hellion  
  30  3:14  Barracks Tech Lab  
  30  3:16  SCV  
  33  3:20  SCV  
  34  3:28  SCV  
  34  3:33  SCV  
  36  3:38  Hellion x2  
  36  3:40  SCV  
  41  3:45  SCV, Banshee  
  45  3:51  Orbital Command  
  45  3:53  SCV  
  45  3:54  Cloaking Field  
  46  3:57  SCV  
  46  3:59  Barracks Tech Lab  
  46  4:01  Supply Depot  
  47  4:04  Hellion  
  47  4:05  SCV  
  47  4:08  Hellion  
  52  4:16  SCV  
  53  4:17  SCV  
  53  4:21  SCV  
  55  4:25  Orbital Command  
  55  4:28  SCV, Banshee  
  55  4:29  SCV  
  55  4:31  Supply Depot  
  60  4:38  Marine, Stimpack  
  60  4:40  SCV  
  60  4:41  SCV  
  60  4:44  Barracks  
  63  4:46  Factory Reactor  
  63  4:47  Refinery, Barracks  
  63  4:48  Refinery  
  63  4:50  SCV  
  63  4:52  SCV  
  63  4:58  Supply Depot, SCV, Marine  
  65  5:02  SCV  
  65  5:04  SCV  
  67  5:07  Engineering Bay x2  
  67  5:10  SCV  
  68  5:14  SCV  
  68  5:16  SCV, Marine  
  68  5:20  Supply Depot  
  68  5:21  Starport Reactor  
  71  5:22  SCV  
  71  5:26  SCV  
  73  5:28  SCV  
  73  5:34  SCV, Marine  
  73  5:35  Barracks x2  
  76  5:37  Supply Depot  
  76  5:38  SCV, Marine x3  
  76  5:41  Siege Tank  
  83  5:46  SCV, Marine  
  83  5:48  SCV  
  86  5:51  SCV  
  86  5:53  Bunker  
  86  5:55  Marine  
  86  5:56  Marine  
  89  5:57  Terran Infantry Weapons Level 1, Marine  
  89  5:58  SCV  
  89  6:00  SCV, Terran Infantry Armor Level 1  
  89  6:01  Supply Depot  
  89  6:03  SCV  
  93  6:06  Refinery  
  93  6:10  Marine x2  
  95  6:13  Marine  
  95  6:14  Marine  
  95  6:16  Siege Tank  
  95  6:17  Combat Shield  
  99  6:19  Medivac  
  99  6:22  SCV, Marine  
  99  6:25  Supply Depot, Barracks Reactor x2  
  103  6:27  Supply Depot  
  103  6:28  Marine x2  
  103  6:31  Marine  
  103  6:32  SCV, Marine  
  108  6:37  Supply Depot, SCV  
  109  6:46  SCV, Marine x3, Medivac  
  115  6:49  Marine  
  115  6:50  Supply Depot, Marine  
  117  6:58  Siege Tank  
  120  7:01  Medivac  
  120  7:02  Supply Depot  
  120  7:03  Marine x2  
  120  7:04  Marine x3  
  120  7:06  Marine x3  
  120  7:07  Marine  
  131  7:09  SCV  
  131  7:15  Supply Depot  
  132  7:20  SCV, Marine  
  132  7:21  Marine  
  132  7:22  Marine x3  
  138  7:24  Marine, Medivac  
  141  7:30  Siege Tank  
  141  7:31  Marine x3, Command Center  
  141  7:36  SCV x2  
  148  7:38  SCV, Marine  
  148  7:39  Supply Depot  
  149  7:46  Marine  
  149  7:47  Marine  
  149  7:48  Missile Turret  
  149  7:51  Marine  
  151  7:52  Refinery  
  151  7:53  SCV  
  151  7:54  Marine  
  151  7:57  Marine  
  151  7:59  SCV, Marine  
  151  8:02  Siege Tank, Missile Turret  
  151  8:03  Missile Turret  
  151  8:05  Marine, Missile Turret  
  148  8:06  SCV  
  148  8:11  Missile Turret  
  150  8:17  Marine  
  146  8:25  SCV x2  
  146  8:26  Armory  
  142  8:27  SCV  
  142  8:29  Marine x2  
  142  8:33  Marine  
  142  8:34  Siege Tank  
  142  8:37  SCV  
  142  8:39  Marine  
  142  8:40  SCV  
  134  8:43  Marine x3  
  134  8:44  Marine  
  134  8:48  Marine x3  
  132  8:52  SCV x2  
  132  8:55  SCV  
  137  8:57  Missile Turret  
  137  8:59  Marine  
  138  9:04  SCV  
  138  9:06  Siege Tank  
  138  9:08  Planetary Fortress, SCV, Factory  
  141  9:11  Missile Turret  
  141  9:12  Supply Depot  
  141  9:13  SCV  
  141  9:16  SCV  
  143  9:19  Terran Infantry Armor Level 2, Terran Infantry Weapons Level 2  
  143  9:26  Marine x5  
  143  9:27  Marauder  
  143  9:29  SCV  
  153  9:32  SCV  
  153  9:38  SCV, Siege Tank  
  158  9:42  SCV, Marine  
  154  9:48  Barracks x2  
  154  9:49  Barracks Reactor  
  154  9:51  SCV x2, Barracks  
  154  9:52  Sensor Tower  
  156  9:54  Factory Tech Lab  
  156  9:56  SCV x2  
  156  9:59  Ghost Academy  
  158  10:07  Missile Turret, Sensor Tower  
  158  10:10  Thor  
  158  10:12  Missile Turret, Sensor Tower  
  158  10:13  Missile Turret  
  158  10:14  SCV  
  163  10:16  Unknown  
  163  10:29  Command Center  
  163  10:35  Command Center  
  163  10:37  Barracks Tech Lab x2, Supply Depot  
  163  10:39  Supply Depot  
  163  10:46  Siege Tank  
  158  10:53  Siege Tank  
  158  10:56  Ghost  
  163  11:07  Command Center  
  163  11:09  Missile Turret  
  163  11:11  Ghost x2  
  163  11:13  Barracks Tech Lab  
  163  11:18  Siege Tank  
  167  11:24  Ghost  
  169  11:26  Personal Cloaking  
  169  11:27  Terran Vehicle Weapons Level 1  
  169  11:32  Command Center  
  169  11:36  Terran Infantry Armor Level 3, Missile Turret, Terran Infantry Weapons Level 3  
  169  11:38  Missile Turret  
  163  11:40  Ghost  
  163  11:42  Siege Tank  
  168  11:53  Ghost x3  
  168  11:56  Medivac  
  168  11:57  Medivac  
  176  12:08  Ghost  
  172  12:17  Siege Tank  
  172  12:18  Siege Tank  
  172  12:21  Planetary Fortress  
  172  12:22  Ghost  
  173  12:23  SCV x4  
  173  12:29  Missile Turret  
  172  12:35  SCV x4  
  176  12:37  Missile Turret  
  176  12:47  SCV x2  
  176  12:48  Orbital Command  
  176  12:49  Siege Tank  
  176  12:50  Siege Tank  
  184  12:52  Nuke, Command Center  
  184  13:00  Refinery  
  184  13:01  Refinery, Command Center  
  113  13:21  Siege Tank  
  113  13:22  Siege Tank, Ghost x4  
  110  13:36  Medivac x2  
  112  13:48  SCV x5, Missile Turret  
  117  13:50  Ghost x3  
  117  13:52  Orbital Command  
  117  13:54  Siege Tank, Thor  
  132  13:59  Ghost  
  132  14:00  SCV  
  132  14:02  SCV  
  136  14:06  Medivac  
  133  14:10  SCV  
  132  14:18  SCV  
  132  14:19  Ghost x2  
  132  14:21  SCV  
  121  14:28  SCV  
  121  14:31  SCV  
  119  14:36  SCV  
Tags
 
Add a new tag
Caveats
  • Supply blocks, unpowered buildings, or Contaminate may cause inaccurate times.
  • Supply counts are checked every 10 seconds.